Map: Ascension to Aiur LE

Players

Snail - Winner!

  • Race: Terran Terran
  • League: Gold
  • Spawn Location: 11:00

MrMental

  • Race: Protoss Protoss
  • League: Gold
  • Spawn Location: 5:00

VOD

Have the link to the VOD?

Description

Time

  • Played on: Aug. 31, 2017, 10:29 a.m.
  • Length: 11:35
Show
View Real Time Build Order
Export as new Build Order

Snail Terran - Winner!

Build Orders: Reaper Expand, MMM Bio 

Get SALT Encoding   

  12  0:02  SCV  
  13  0:14  SCV  
  13  0:17  Supply Depot  
  14  0:26  SCV  
  15  0:39  SCV  
  15  0:40  Barracks  
  16  0:45  Refinery  
  16  0:51  SCV  
  17  1:03  SCV  
  18  1:15  SCV  
  19  1:31  Orbital Command  
  19  1:33  Reaper  
  20  1:45  Command Center  
  20  1:51  Refinery  
  20  1:58  SCV  
  21  2:04  Supply Depot  
  21  2:15  SCV  
  22  2:18  Factory  
  22  2:23  Barracks Reactor  
  22  2:27  SCV  
  23  2:35  Barracks  
  23  2:44  SCV  
  24  3:01  Marine x2  
  24  3:03  Starport  
  26  3:05  Factory Reactor  
  26  3:06  SCV  
  26  3:08  Orbital Command  
  27  3:19  SCV  
  28  3:20  Marine  
  28  3:21  Marine  
  28  3:22  Barracks Tech Lab  
  30  3:31  Engineering Bay  
  30  3:37  SCV  
  31  3:44  Marine, Stimpack  
  32  3:53  Widow Mine, Medivac  
  36  3:55  Widow Mine  
  38  4:16  Marine x3  
  39  4:25  Missile Turret  
  39  4:30  Missile Turret  
  39  4:32  Starport Reactor  
  39  4:33  Marine  
  39  4:34  Marine x2  
  42  4:43  SCV  
  42  4:44  Supply Depot  
  43  4:45  Supply Depot  
  43  4:51  Marine  
  44  4:52  Barracks  
  44  4:53  Factory Reactor  
  44  4:56  SCV x2  
  46  5:05  Marine  
  47  5:08  SCV  
  47  5:12  SCV  
  49  5:14  Medivac  
  49  5:15  Medivac  
  49  5:20  SCV  
  54  5:24  SCV  
  54  5:27  Marine x2  
  56  5:33  SCV  
  57  5:39  Marine x2  
  57  5:40  Marine  
  60  5:43  Factory Tech Lab, SCV  
  60  5:45  Supply Depot, SCV  
  60  5:48  Supply Depot, Terran Infantry Weapons Level 1  
  62  5:51  Supply Depot  
  62  5:55  Engineering Bay  
  62  6:06  Marine  
  62  6:07  SCV, Siege Tank  
  65  6:27  Marine x2  
  65  6:28  Marine, Marauder  
  68  6:34  Marine  
  68  6:36  SCV  
  70  6:42  Command Center  
  70  6:45  Marine  
  71  6:48  Armory  
  71  6:49  Barracks  
  71  6:50  Combat Shields, Marauder  
  73  7:04  Marine x3  
  73  7:07  Refinery  
  73  7:08  Refinery  
  76  7:10  Supply Depot  
  76  7:11  Marauder  
  76  7:12  Terran Infantry Armor Level 1  
  76  7:15  Marine  
  78  7:22  Marine  
  80  7:25  Marine x2, Barracks  
  82  7:32  Marauder  
  82  7:36  SCV  
  86  7:37  SCV  
  86  7:49  SCV  
  86  7:50  Marine x2  
  89  7:54  Marauder  
  91  8:00  Marine x2  
  91  8:04  Marine x2  
  95  8:11  Barracks Tech Lab  
  95  8:15  Planetary Fortress, Marauder  
  95  8:17  SCV x2  
  99  8:22  Marine x2  
  99  8:29  Marine x2  
  99  8:30  Marauder  
  99  8:33  Supply Depot  
  103  8:37  Marauder  
  103  8:40  Marine x2  
  90  8:56  Marine  
  90  8:57  Marine, Marauder  
  90  8:58  Marauder  
  95  9:06  Marine x2  
  97  9:11  Medivac x2, Siege Tank  
  97  9:12  Marine x2  
  97  9:13  Terran Infantry Weapons Level 2  
  106  9:19  Marauder x2  
  110  9:34  Marine x2  
  110  9:35  SCV  
  110  9:36  Fusion Core, SCV  
  114  9:39  Starport  
  114  9:40  Marauder  
  116  9:53  Supply Depot  
  116  9:54  Supply Depot  
  116  10:13  SCV  
  117  10:14  SCV x2, Medivac  
  117  10:15  Marauder x2  
  117  10:16  Siege Tank  
  117  10:17  Supply Depot x2  
  117  10:19  Starport Tech Lab  
  128  10:25  SCV  
  116  10:36  Marauder x2  
  116  10:38  Marine x2  
  116  10:40  Marine, Supply Depot  
  116  10:41  Marine  
  119  10:48  Siege Tank  
  122  10:52  Supply Depot, Marine  
  122  10:53  Marine, Supply Depot  
  122  10:54  SCV x2  
  122  10:55  Supply Depot, SCV  
  127  10:57  Marauder x2  
  131  11:06  SCV x2  
  128  11:15  Marine x3  
Show
View Real Time Build Order
Export as new Build Order

MrMental Protoss 

Build Orders: 1 Gate Expand 

Get SALT Encoding   

  12  0:01  Probe (Chrono Boost)  
  13  0:13  Pylon  
  13  0:17  Probe (Chrono Boost)  
  14  0:32  Gateway  
  14  0:35  Probe (Chrono Boost)  
  15  0:41  Assimilator  
  15  0:46  Probe (Chrono Boost)  
  16  0:56  Probe (Chrono Boost)  
  17  1:07  Probe (Chrono Boost)  
  18  1:17  Probe (Chrono Boost)  
  19  1:30  Nexus  
  19  1:41  Cybernetics Core  
  19  1:53  Probe (Chrono Boost)  
  20  1:55  Pylon  
  20  2:02  Assimilator  
  20  2:04  Probe (Chrono Boost)  
  21  2:19  Warp Gate, Mothership Core (Chrono Boost)  
  21  2:20  Adept  
  24  2:40  Gateway  
  24  2:53  Adept  
  24  2:54  Gateway  
  26  2:59  Pylon  
  26  3:02  Probe (Chrono Boost)  
  27  3:18  Robotics Facility  
  27  3:24  Probe (Chrono Boost)  
  27  3:25  Probe (Chrono Boost)  
  29  3:34  Probe (Chrono Boost)  
  29  3:36  Probe (Chrono Boost)  
  31  3:45  Probe (Chrono Boost)  
  31  3:47  Probe (Chrono Boost)  
  33  3:52  Adept  
  36  3:55  Probe (Chrono Boost)  
  36  3:57  Probe (Chrono Boost)  
  37  4:06  Probe (Chrono Boost)  
  37  4:08  Probe (Chrono Boost)  
  37  4:09  Pylon, Observer  
  40  4:16  Probe (Chrono Boost)  
  39  4:23  Probe (Chrono Boost)  
  38  4:26  Assimilator  
  38  4:27  Probe (Chrono Boost)  
  40  4:31  Observer  
  40  4:34  Probe (Chrono Boost)  
  40  4:36  Adept  
  40  4:37  Probe (Chrono Boost), Adept  
  46  4:38  Adept  
  46  4:44  Twilight Council  
  46  4:45  Probe (Chrono Boost)  
  49  4:48  Probe (Chrono Boost)  
  50  4:55  Probe (Chrono Boost)  
  50  4:58  Probe (Chrono Boost)  
  50  4:59  Pylon  
  52  5:06  Probe (Chrono Boost)  
  53  5:07  Stalker x2  
  53  5:09  Probe (Chrono Boost)  
  53  5:11  Observer  
  59  5:16  Probe (Chrono Boost)  
  59  5:20  Probe (Chrono Boost)  
  61  5:27  Probe (Chrono Boost)  
  57  5:29  Assimilator  
  57  5:31  Stalker x2  
  61  5:35  Stalker  
  61  5:40  Immortal  
  61  5:42  Resonating Glaives  
  67  5:47  Probe (Chrono Boost)  
  67  5:48  Probe (Chrono Boost)  
  69  5:58  Probe (Chrono Boost)  
  69  6:01  Pylon  
  70  6:07  Gateway  
  70  6:13  Pylon  
  70  6:19  Probe (Chrono Boost)  
  70  6:20  Immortal  
  72  6:27  Probe (Chrono Boost)  
  72  6:29  Probe (Chrono Boost)  
  74  6:33  Stalker  
  74  6:34  Stalker x2  
  74  6:38  Probe (Chrono Boost)  
  81  6:42  Gateway  
  81  6:44  Pylon  
  81  6:58  Sentry  
  83  7:01  Adept  
  83  7:03  Adept  
  83  7:04  Probe x2 (Chrono Boost)  
  89  7:13  Adept  
  91  7:16  Nexus  
  91  7:22  Charge  
  91  7:24  Forge  
  91  7:25  Gateway  
  91  7:27  Pylon  
  91  7:30  Stalker  
  93  7:45  Pylon  
  93  7:46  Sentry  
  93  7:47  Adept x2  
  99  8:02  Probe x2 (Chrono Boost)  
  99  8:04  Pylon  
  101  8:09  Protoss Ground Weapons Level 1  
  101  8:12  Forge, Probe (Chrono Boost)  
  102  8:15  Gateway  
  102  8:19  Gateway  
  102  8:20  Gateway  
  102  8:23  Adept x2  
  102  8:24  Adept  
  68  8:50  Adept x3  
  68  8:51  Adept x2  
  59  9:15  Adept x3  
  59  9:16  Adept x3  
  71  9:17  Adept x2  
  75  9:29  Immortal  
  75  9:31  Protoss Ground Armor Level 1  
  79  9:38  Adept  
  79  9:39  Adept  
  79  9:40  Zealot x2  
  79  9:41  Zealot, Robotics Bay  
  89  9:56  Pylon, Zealot  
  89  9:57  Zealot x2  
  95  10:01  Stalker  
  95  10:05  Zealot  
  99  10:12  Zealot  
  101  10:15  Stalker  
  101  10:16  Stalker  
  86  10:32  Stalker x2  
  86  10:33  Zealot  
  80  10:42  Zealot x2  
  78  10:43  Zealot  
  78  10:45  Zealot  
  82  10:50  Zealot  
  84  10:59  Mothership Core (Chrono Boost)  
  84  11:02  Zealot  
  78  11:14  Zealot x2  
  78  11:15  Zealot x2  
  84  11:26  Stalker  
Tags
 
Add a new tag
Caveats
  • Supply blocks, unpowered buildings, or Contaminate may cause inaccurate times.
  • Supply counts are checked every 10 seconds.